 Dungeon Crawl Stone Soup version 0.25-a0-701-gb30f108 (webtiles) character file.

Game seed: 2039785533010235433, levelgen mode: deterministic

143793 Faca the Brawler (level 16, -7/172 HPs)
             Began as a Troll Fighter on Apr 2, 2020.
             Was the Champion of Okawaru.
             Shot with an arrow by a naga sharpshooter (9 damage)
             ... on level 4 of the Snake Pit on Apr 3, 2020.
             The game lasted 01:05:49 (25369 turns).

Faca the Brawler (Troll Fighter)                   Turns: 25369, Time: 01:05:49

Health: -7/172     AC: 19    Str: 36    XL:     16   Next: 83%
Magic:  22/22      EV:  4    Int:  9    God:    Okawaru [******]
Gold:   3388       SH: 31    Dex: 14    Spells: 15/15 levels left

rFire    . . .     SeeInvis +     - Unarmed
rCold    . . .     Gourm    +   e - +7 tower shield of the Louse {Str+3}
rNeg     + . .     Faith    .   u - +0 pearl dragon scales
rPois    +         Spirit   .   j - +2 hat {SInv}
rElec    .         Reflect  +   N - +0 cloak of the True Pharaoh {*Slow +Fly rPois rCorr Int+5}
rCorr    +         Harm     .   (gloves unavailable)
MR       ++...                  (boots unavailable)
Stlth    ..........             z - +4 amulet of reflection
HPRegen  0.78/turn              I - ring of protection from magic
MPRegen  0.18/turn              M - +5 ring of dexterity

@: lethally poisoned (-7 -> -11), about to teleport, slowed, constricted, very
slow
A: large, unfitting armour, claws 3, fast metabolism 3, gourmand, regeneration
1, shaggy fur 1, tough skin 3
a: Heroism, Finesse, Renounce Religion, Evoke Flight


You were on level 4 of the Snake Pit.
You worshipped Okawaru.
Okawaru was exalted by your worship.
You were very hungry.

You visited 5 branches of the dungeon, and saw 28 of its levels.
You also visited: Gauntlet.

You collected 4792 gold pieces.
You spent 1404 gold pieces at shops.

Inventory:

Missiles
 m - 24 boomerangs (quivered)
 C - 3 javelins
 F - 23 silver javelins
 G - 49 large rocks
Armour
 e - the +7 tower shield of the Louse (worn) {Str+3}
   (Okawaru gifted it to you on level 1 of the Snake Pit)

   It affects your strength (+3).
 j - a +2 hat of see invisible (worn)
 n - a +8 tower shield of fire resistance
 u - +0 pearl dragon scales (worn)
 L - +0 swamp dragon scales
 N - the +0 cloak of the True Pharaoh (worn) {*Slow +Fly rPois rCorr Int+5}
   (Okawaru gifted it to you on level 13 of the Dungeon)

   It affects your intelligence (+5).
   It protects you from poison.
   It lets you fly.
   It provides partial protection from all sources of acid and corrosion.
   It may slow you when you take damage.
Jewellery
 o - the amulet of Vitality {Regen+ HP+15}
   (You found it on level 4 of the Dungeon)

   [amulet of regeneration]

   It affects your health (+15).
   It increases your rate of regeneration.
 z - a +4 amulet of reflection (around neck)
 A - the amulet "Humorel" {RegenMP rF+ rC+ Int+6}
   (You found it in a Gauntlet)

   [amulet of magic regeneration]

   It increases your magic regeneration.
   It affects your intelligence (+6).
   It protects you from fire.
   It protects you from cold.
 I - a ring of protection from magic (left claw)
 M - a +5 ring of dexterity (right claw)
Wands
 r - a wand of paralysis (33)
 v - a wand of acid (28)
 w - a wand of disintegration (23)
 y - a wand of polymorph (36)
 D - a wand of clouds (9)
 H - a wand of iceblast (6)
 J - a wand of flame (19)
Scrolls
 a - 3 scrolls of fog
 h - 2 scrolls of magic mapping
 i - 3 scrolls of enchant weapon
 p - 4 scrolls of teleportation
 t - 3 scrolls of immolation
 x - 6 scrolls of remove curse
 B - 6 scrolls of identify
 E - a scroll of summoning
 P - a scroll of holy word
Potions
 b - 6 potions of mutation
 c - 3 potions of might
 f - 7 potions of haste
 g - 2 potions of berserk rage
 k - 8 potions of curing
 l - 6 potions of resistance
 q - 3 potions of flight
 s - a potion of lignification
 K - a potion of heal wounds
 O - a potion of cancellation
Comestibles
 d - 45 rations


   Skills:
 + Level 14.2 Fighting
 + Level 10.5 Throwing
 + Level 4.7 Armour
 - Level 2.4 Dodging
 + Level 10.0 Shields
 + Level 16.3 Unarmed Combat
 + Level 9.6 Invocations


You had 15 spell levels left.
You didn't know any spells.
Your spell library contained the following spells:

 Spells                   Type           Power        Failure   Level  Hunger
 Magic Dart               Conj           #...         94%         1    ##.....
 Sandblast                Erth           #.....       94%         1    ##.....
 Sting                    Tmut/Pois      #...         94%         1    ##.....
 Summon Small Mammal      Summ           #...         94%         1    ##.....
 Blink                    Tloc           N/A          98%         2    ###....
 Call Imp                 Summ           #.......     98%         2    ###....
 Passwall                 Tmut/Erth      #.......     98%         2    ###....
 Poisonous Vapours        Pois/Air       #.....       98%         2    ###....
 Slow                     Hex            #.......     98%         2    ###....
 Call Canine Familiar     Summ           #.......     100%        3    ####...
 Confusing Touch          Hex            #.......     100%        3    ####...
 Conjure Flame            Conj/Fire      #.......     100%        3    ####...
 Gell's Gravitas          Tloc           #.........   100%        3    ####...
 Ignite Poison            Fire/Tmut/Pois #.......     100%        3    ####...
 Mephitic Cloud           Conj/Pois/Air  #.......     100%        3    ####...
 Stone Arrow              Conj/Erth      #.....       100%        3    ####...
 Summon Guardian Golem    Hex/Summ       #.......     100%        3    ####...
 Olgreb's Toxic Radiance  Pois           #.......     100%        4    #####..
 Petrify                  Tmut/Erth      #.......     100%        4    #####..
 Summon Ice Beast         Ice/Summ       #.......     100%        4    #####..
 Summon Lightning Spire   Summ/Air       #.......     100%        4    #####..
 Bolt of Magma            Conj/Fire/Erth #.........   100%        5    ######.
 Iskenderun's Battlesphe  Conj/Chrm      #.......     100%        5    ######.
 Lee's Rapid Deconstruct  Erth           #.........   100%        5    ######.
 Metabolic Englaciation   Hex/Ice        #.........   100%        5    ######.
 Yara's Violent Unravell  Hex/Tmut       #.........   100%        5    ######.
 Freezing Cloud           Conj/Ice/Air   #.........   100%        6    #######
 Iron Shot                Conj/Erth      #.........   100%        6    #######
 Orb of Destruction       Conj           #.........   100%        7    #######
 Ring of Flames           Chrm/Fire      #.........   100%        7    #######
 Spellforged Servitor     Conj/Summ      #.........   100%        7    #######


Dungeon Overview and Level Annotations

Branches:
Dungeon (15/15)            Temple (1/1) D:7            Lair (6/6) D:8
 Shoals (0/4) Lair:4        Snake (4/4) Lair:3        Slime (0/5) Lair:6
    Orc (2/2) D:11            Elf (0/3) Orc:2        Vaults (0/5) D:14
 Depths (0/5) D:15        Gauntlet (visited)

Altars:
Ashenzari
Cheibriados
Dithmenos
Elyvilon
Fedhas
Gozag
Hepliaklqana
Kikubaaqudgha
Makhleb
Nemelex Xobeh
Okawaru
Qazlal
Ru
Sif Muna
Trog
Uskayaw
Vehumet
Wu Jian
Xom
Yredelemnul
Zin
The Shining One

Shops:
D:7 ?   D:13 ?   Orc:2 }(%(   Snake:1 (   Snake:4 !=

Annotations:
D:14 1 runed translucent door, exclusion: orange crystal statue


Innate Abilities, Weirdness & Mutations

You are too large for most types of armour.
You have claws for hands.
Your metabolism is lightning-fast.
You like to eat raw meat.
Your natural rate of healing is unusually fast.
You are covered in fur. (AC +1)
You have extremely tough skin. (AC +3)


Message History

You feel strangely unstable.
You feel sick.
The nagaraja points at you and mumbles some strange words.
The poison arrow hits you!
You are more poisoned.
You partially resist.
* * * LOW HITPOINT WARNING * * *
x2 The nagaraja constricts you.
The naga sharpshooter casts a spell.
The naga sharpshooter magically shoots an arrow.
The arrow hits you!
* * * LOW HITPOINT WARNING * * *
The naga sharpshooter casts a spell.
The naga sharpshooter magically shoots a bolt.
You reflect the bolt off an invisible shield around you!
You block the naga warrior's attack.
The nagaraja hits you but does no damage.
* * * LOW HITPOINT WARNING * * *
The nagaraja constricts you.
The naga sharpshooter shoots an arrow.
The arrow hits you!
You die...

### #.(##.....##).......#.##♣..#.
#####...#((N...#.......##..##♣...
##<.#####.((.(.#.......#....###.#
.......##...N(.#.......#........#
.......##..NNN(#.##.##.#.#####..#
......+##...NNN#########.#...#..#
#..#### #....NNN.........#'..'..#
#### #...NNNNN†........#..#..#
#....#'#@...###...##.#..#
#########....#.#...####....###..#
.............###...# #..........#
..###..............###.........##
.## #.......(.....(#......#....#.
.+ +............(.[...........##
.##+#.....####.................#.
..........# ##................##
..........# #.................#


You could see a naga warrior, a nagaraja, 5 naga sharpshooters, 6 naga magi and
3 nagas.

Vanquished Creatures
  Bai Suzhen (Snake:3)
  Vashnia (Snake:3)
  Rupert (Orc:1)
  A nagaraja (Snake:4)
  Aizul (Snake:2)
  A minotaur (Gauntlet)
  Snorg (D:12)
  An ettin (D:14)
  A fire dragon (Lair:6)
  A yaktaur captain (D:15)
  9 naga warriors
  7 hydras
  3 catoblepae
  An ice dragon (Lair:6)
  6 two-headed ogres
  5 anacondas
  10 centaur warriors
  Urug (D:10)
  7 shock serpents
  14 naga sharpshooters
  A fire crab (shapeshifter) (D:14)
  A salamander mystic (Snake:3)
  5 skeletal warriors (D:14)
  A sea snake (Snake:1)
  2 unseen horrors
  A swamp dragon (Lair:6)
  4 naga ritualists
  A necromancer (D:14)
  Pikel (D:6)
  A lindwurm (Lair:6)
  3 orc knights (Orc:2)
  2 ugly things (D:12)
  7 mana vipers
  An orc sorcerer (Orc:2)
  2 deep elf magi
  6 cyclopes
  11 salamanders
  A guardian serpent (Snake:1)
  A molten gargoyle (Gauntlet)
  36 black mambas
  9 naga magi
  4 torpor snails (Lair:6)
  4 gargoyles
  15 spiny frogs
  2 centaur skeletons
  A komodo dragon (shapeshifter) (D:14)
  2 efreet
  A yaktaur (shapeshifter) (D:14)
  6 rime drakes
  6 komodo dragons
  A redback zombie (D:14)
  7 trolls
  A queen bee (shapeshifter) (D:13)
  9 hornets
  A polar bear (Lair:6)
  10 blink frogs
  Grinder (D:6)
  10 slime creatures
  6 hippogriffs
  Prince Ribbit (D:7)
  4 tyrant leeches (Lair:6)
  4 wyverns
  A spriggan (shapeshifter) (D:13)
  A centaur simulacrum (D:14)
  A spriggan (D:7)
  30 yaks
  7 basilisks
  4 hungry ghosts
  2 wraiths (D:14)
  2 steam dragons (Lair:6)
  Menkaure (D:7)
  5 acid dragons
  A soldier ant (D:12)
  28 nagas
  12 water moccasins
  10 porcupines
  5 ice beasts
  A black bear (D:10)
  27 orc warriors
  4 sky beasts
  A swamp drake (Lair:6)
  9 ogres
  2 eyes of draining
  A phantom (D:12)
  15 wolves
  17 centaurs
  15 crocodiles
  4 big kobolds
  21 bullfrogs
  2 wyvern zombies
  A water moccasin zombie (D:8)
  7 scorpions
  9 killer bees
  3 wights (D:7)
  3 howler monkeys
  4 electric eels
  10 crimson imps
  3 bullfrog zombies
  5 centaur zombies
  7 jellies
  A quasit (D:9)
  4 bullfrog skeletons
  6 hounds
  10 orc wizards
  12 orc priests
  Crazy Yiuf (D:7)
  A gnoll shaman (D:8)
  Jessica (D:2)
  Natasha (twice) (D:3)
  8 iguanas
  9 worker ants
  A killer bee zombie (D:6)
  A hound zombie (D:9)
  A hound skeleton (D:4)
  2 worker ant zombies
  7 gnolls
  17 adders
  7 shadow imps
  2 oozes
  3 adder skeletons
  4 worms
  5 leopard geckos
  56 orcs
  3 ball pythons
  10 bats
  2 giant cockroaches
  10 goblins
  6 hobgoblins
  6 jackals
  19 kobolds
  2 quokkas
  7 frilled lizards
  A jackal zombie (D:5)
  A leopard gecko skeleton (D:6)
  2 quokka skeletons (D:4)
  6 rats
  A fungus (D:8)
  4 plants
788 creatures vanquished.

Vanquished Creatures (others)
  2 naga sharpshooters
  A salamander mystic (Snake:2)
  A naga (Snake:4)
  An orc wizard (D:2)
  A quokka (D:6)
  A bush (Lair:5)
  12 fungi
  20 plants
39 creatures vanquished.

Grand Total: 827 creatures vanquished

Notes
Turn   | Place    | Note
-------+----------+-------------------------------------------
     0 | D:1      | Faca the Troll Fighter began the quest for the Orb.
     0 | D:1      | Reached XP level 1. HP: 22/22 MP: 0/0
   130 | D:1      | Reached XP level 2. HP: 29/29 MP: 1/1
   559 | D:2      | Noticed Jessica
   563 | D:2      | Killed Jessica
   563 | D:2      | Reached skill level 3 in Unarmed Combat
   563 | D:2      | Reached XP level 3. HP: 37/37 MP: 2/2
   793 | D:2      | Reached XP level 4. HP: 45/45 MP: 3/3
   949 | D:2      | Found a shadowy altar of Dithmenos.
  1168 | D:2      | Reached XP level 5. HP: 51/54 MP: 4/4
  1426 | D:3      | Reached skill level 4 in Unarmed Combat
  1681 | D:3      | Noticed Natasha
  1693 | D:3      | Killed Natasha
  1916 | D:3      | Reached XP level 6. HP: 62/62 MP: 5/5
  2140 | D:3      | Reached skill level 5 in Unarmed Combat
  2350 | D:3      | Noticed Natasha
  2354 | D:3      | Killed Natasha
  2621 | D:4      | Reached skill level 5 in Fighting
  2621 | D:4      | Reached XP level 7. HP: 66/72 MP: 6/6
  3184 | D:4      | Found the amulet of Vitality {Regen+ HP+15}
  3333 | D:5      | Entered Level 5 of the Dungeon
  3342 | D:5      | Reached skill level 6 in Unarmed Combat
  3762 | D:5      | Reached XP level 8. HP: 83/83 MP: 7/7
  4217 | D:6      | Reached skill level 7 in Unarmed Combat
  4217 | D:6      | Noticed Grinder
  4224 | D:6      | Killed Grinder
  4431 | D:6      | Found a white marble altar of Elyvilon.
  4571 | D:6      | Reached skill level 8 in Unarmed Combat
  4742 | D:6      | Noticed Pikel
  4762 | D:6      | Killed Pikel
  4762 | D:6      | Reached XP level 9. HP: 93/93 MP: 8/8
  4795 | D:5      | Found a radiant altar of Vehumet.
  4937 | D:7      | Found Qechaf Ceer's Magic Scroll Emporium.
  4950 | D:7      | Bought a scroll of identify for 24 gold pieces
  4950 | D:7      | Bought a scroll of identify for 24 gold pieces
  4962 | D:7      | Reached skill level 9 in Unarmed Combat
  4978 | D:7      | Noticed Menkaure
  4986 | D:7      | Killed Menkaure
  5007 | D:7      | Found a runed translucent door.
  5008 | D:7      | Noticed Crazy Yiuf
  5012 | D:7      | Killed Crazy Yiuf
  5127 | D:7      | Noticed Prince Ribbit
  5136 | D:7      | Found a staircase to the Ecumenical Temple.
  5139 | D:7      | Killed Prince Ribbit
  5148 | Temple   | Entered the Ecumenical Temple
  5409 | D:7      | Reached skill level 10 in Unarmed Combat
  5695 | D:8      | Reached XP level 10. HP: 107/107 MP: 9/9
  5700 | D:8      | Noticed a two-headed ogre
  5705 | D:8      | Killed a two-headed ogre
  5766 | D:8      | Found a staircase to the Lair.
  5909 | D:8      | Reached skill level 11 in Unarmed Combat
  6493 | D:8      | Reached skill level 10 in Fighting
  6696 | D:9      | Noticed a two-headed ogre
  6701 | D:9      | Killed a two-headed ogre
  6701 | D:9      | Reached skill level 12 in Unarmed Combat
  6701 | D:9      | Reached XP level 11. HP: 83/119 MP: 10/10
  7291 | D:9      | Found a glowing silver altar of Zin.
  7295 | D:9      | Found a shimmering altar of Xom.
  7295 | D:9      | Found a burning altar of Makhleb.
  7306 | D:9      | Found an iron altar of Okawaru.
  7314 | D:9      | Became a worshipper of Warmaster Okawaru
  7320 | D:9      | Found a bloodstained altar of Trog.
  7359 | D:10     | Entered Level 10 of the Dungeon
  7403 | D:10     | Noticed Urug
  7419 | D:10     | Killed Urug
  7661 | D:10     | Reached * piety under Okawaru
  8325 | D:11     | Noticed a five-headed hydra
  8533 | D:11     | Found a shattered altar of Ashenzari.
  8565 | D:11     | Found a staircase to the Orcish Mines.
  8954 | D:12     | Noticed Snorg
  9074 | Lair:1   | Entered Level 1 of the Lair of Beasts
  9094 | Lair:1   | Reached skill level 1 in Throwing
  9149 | Lair:1   | Reached ** piety under Okawaru
  9158 | Lair:1   | Reached skill level 13 in Unarmed Combat
  9585 | Lair:1   | Noticed a seven-headed hydra
  9594 | Lair:1   | Killed a seven-headed hydra
  9697 | Lair:1   | Reached XP level 12. HP: 126/130 MP: 11/11
  9699 | Lair:1   | Reached *** piety under Okawaru
 10637 | Lair:2   | Received a gift from Okawaru
 11170 | Lair:3   | Reached **** piety under Okawaru
 11271 | Lair:3   | Found a gate leading to a gauntlet.
 11281 | Gauntlet | Entered a Gauntlet
 11281 | Gauntlet | Found a transporter.
 11281 | Gauntlet | Found a transporter.
 11289 | Gauntlet | Found a transporter.
 11293 | Gauntlet | Found a transporter.
 11302 | Gauntlet | Found a transporter.
 11306 | Gauntlet | Found a transporter.
 11310 | Gauntlet | Found a runed translucent door.
 11310 | Gauntlet | Found a runed translucent door.
 11315 | Gauntlet | Found a transporter.
 11330 | Gauntlet | Noticed a catoblepas
 11331 | Gauntlet | Found a transporter.
 11400 | Gauntlet | Found a transporter.
 11404 | Gauntlet | Found a transporter.
 11434 | Gauntlet | Noticed a tengu warrior
 11436 | Gauntlet | Found a transporter.
 11440 | Gauntlet | Found a transporter.
 11525 | Gauntlet | Killed a catoblepas
 11530 | Gauntlet | Reached skill level 5 in Shields
 11533 | Gauntlet | Reached skill level 1 in Invocations
 11540 | Gauntlet | Got a pitted zirconium amulet
 11593 | Gauntlet | Identified the amulet "Humorel" {RegenMP rF+ rC+ Int+6}
                  | (You found it in a Gauntlet)
 11598 | Gauntlet | Noticed a minotaur
 11603 | Gauntlet | Killed a minotaur
 11645 | Lair:3   | Noticed an eight-headed hydra
 11654 | Lair:3   | Killed an eight-headed hydra
 11654 | Lair:3   | Reached ***** piety under Okawaru
 11728 | Lair:3   | Reached skill level 5 in Throwing
 11757 | Lair:3   | Found a staircase to the Snake Pit.
 12319 | Lair:4   | Noticed a six-headed hydra
 12326 | Lair:4   | Killed a six-headed hydra
 12341 | Lair:4   | Found a staircase to the Shoals.
 12411 | Lair:4   | You fall into a shaft and drop 2 floors!
 12411 | Lair:6   | Entered Level 6 of the Lair of Beasts
 12458 | Lair:6   | Reached XP level 13. HP: 140/140 MP: 14/14
 12537 | Lair:5   | Reached skill level 14 in Unarmed Combat
 12654 | Lair:5   | Received a gift from Okawaru
 12806 | Lair:4   | Reached ****** piety under Okawaru
 13125 | Lair:5   | Received a gift from Okawaru
 13773 | Lair:6   | Received a gift from Okawaru
 14153 | Lair:6   | Noticed a fire dragon
 14171 | Lair:6   | Killed a fire dragon
 14469 | Lair:6   | Found a staircase to the Slime Pits.
 14618 | Lair:6   | Reached skill level 5 in Invocations
 14733 | Lair:6   | Found a runed translucent door.
 14814 | Lair:6   | Paralysed by a hornet for 2 turns
 15313 | Lair:6   | Reached XP level 14. HP: 73/150 MP: 15/17
 15629 | Orc:1    | Entered Level 1 of the Orcish Mines
 15642 | Orc:1    | Received a gift from Okawaru
 16291 | Orc:2    | Entered Level 2 of the Orcish Mines
 16364 | Orc:2    | Found a staircase to the Elven Halls.
 16690 | Orc:2    | Noticed Rupert
 16692 | Orc:2    | Paralysed by Rupert for 5 turns
 16722 | Orc:1    | Killed Rupert
 17050 | Orc:2    | Found Jujy's Food Boutique.
 17050 | Orc:2    | Found Jucven's Antique Weapon Shoppe.
 17052 | Orc:2    | Found Sicen's Gadget Emporium.
 17054 | Orc:2    | Found Kacuafot's Weapon Shop.
 17197 | Orc:2    | Upgraded the game from 0.25-a0-700-g7f8a797 to
                  | 0.25-a0-701-gb30f108
 17295 | D:7      | Bought a scroll of acquirement for 624 gold pieces
 17295 | D:7      | Bought a scroll of identify for 24 gold pieces
 17295 | D:7      | Bought a scroll of teleportation for 36 gold pieces
 17295 | D:7      | Identified the +2 robe of the Eagle {rF- rN+ Dex+3 Slay+5}
                  | (You acquired it on level 7 of the Dungeon)
 17617 | D:12     | Killed Snorg
 17819 | D:12     | Reached skill level 15 in Unarmed Combat
 17896 | D:12     | Received a gift from Okawaru
 17927 | D:12     | Received a gift from Okawaru
 18441 | D:13     | Found an opulent altar of Gozag.
 18500 | D:13     | Found Ipnucs's Magic Scroll Shop.
 18589 | D:13     | Received a gift from Okawaru
 18739 | D:13     | Received a gift from Okawaru
 18743 | D:13     | Got a translucent cloak {god gift}
 18754 | D:13     | Identified the +0 cloak of the True Pharaoh {*Slow +Fly
                  | rPois rCorr Int+5} (Okawaru gifted it to you on level 13 of
                  | the Dungeon)
 18915 | D:13     | Bought a scroll of enchant armour for 112 gold pieces
 19215 | D:14     | Found a runed translucent door.
 19533 | D:14     | Reached XP level 15. HP: 161/161 MP: 19/19
 19640 | D:14     | Found a gate to the Vaults.
 20118 | D:15     | Entered Level 15 of the Dungeon
 20718 | D:15     | Found a staircase to the Depths.
 20740 | D:15     | Received a gift from Okawaru
 20979 | Snake:1  | Entered Level 1 of the Snake Pit
 21226 | Snake:1  | Reached skill level 1 in Armour
 21434 | Snake:1  | Found Zessehent's Antique Weapon Emporium.
 21648 | Snake:1  | Received a gift from Okawaru
 21666 | Snake:1  | Got a transparent tower shield {god gift}
 21803 | Snake:1  | Identified the +7 tower shield of the Louse {Str+3}
                  | (Okawaru gifted it to you on level 1 of the Snake Pit)
 22625 | Snake:2  | Reached XP level 16. HP: 150/171 MP: 21/21
 22868 | Snake:2  | You fall into a shaft and drop 1 floor!
 22902 | Snake:3  | Noticed Vashnia
 22931 | Snake:3  | Killed Vashnia
 22931 | Snake:3  | Received a gift from Okawaru
 22931 | Snake:3  | Reached skill level 16 in Unarmed Combat
 22933 | Snake:3  | Reached skill level 10 in Throwing
 23151 | Snake:3  | Noticed Bai Suzhen
 23169 | Snake:3  | Killed Bai Suzhen
 23169 | Snake:3  | Received a gift from Okawaru
 23180 | Snake:3  | Identified the +0 robe of the Elven Halls {SInv} (Okawaru
                  | gifted it to you on level 3 of the Snake Pit)
 23601 | Snake:2  | Noticed Aizul
 23616 | Snake:2  | Killed Aizul
 24378 | Snake:4  | Entered Level 4 of the Snake Pit
 24727 | Snake:4  | Found Cariraall's Distillery.
 24729 | Snake:4  | Found Plog's Jewellery Emporium.
 24731 | Snake:4  | Bought a potion of resistance for 140 gold pieces
 24731 | Snake:4  | Bought a potion of heal wounds for 70 gold pieces
 24731 | Snake:4  | Bought a potion of haste for 140 gold pieces
 24731 | Snake:4  | Bought a potion of heal wounds for 70 gold pieces
 24731 | Snake:4  | Bought a potion of haste for 140 gold pieces
 24791 | Snake:4  | Reached skill level 10 in Shields
 25369 | Snake:4  | HP: 7/172 [naga sharpshooter/arrow (7)]
 25369 | Snake:4  | HP: 2/172 [nagaraja (5)]
 25369 | Snake:4  | Shot with an arrow by a naga sharpshooter

Levels and vault maps discovered:
D:1:      psy_arrival_dodecagon, layout_rooms
D:2:      layout_basic, minmay_misc_feat_alley,
          nicolae_dithmenos_through_a_glass_darkly, uniq_jessica
D:3:      cheibrodos_thug_alley, layout_loops_ring, uniq_natasha
D:4:      layout_basic, hangedman_abyss_or_decor_slice
D:5:      lemuel_upstairs_altar, layout_loops_ring, first_ration,
          grunt_ministairs_11
D:6:      layout_loops_cross, elyvilon_altar_4, uniq_pikel, uniq_grinder
D:7:      layout_cave_pools, minmay_temple_entry_slanted, serial_shops,
          shop_scrolls, serial_park, the_bakery, uniq_crazy_yiuf_cottage,
          uniq_prince_ribbit1, uniq_menkaure
D:8:      layout_basic, due_lair_maze_entry_diamond
D:9:      minmay_inner_zag, layout_cave_pools, minmay_overflow_temple_star_hex
D:10:     layout_loops_ring, kennysheep_nub, eino_tiny_chamber, uniq_urug
D:11:     layout_basic, orc_0_dummy, evilmike_ruin_ashenzari
D:12:     layout_irregular_city, minmay_circle_x, uniq_snorg
D:13:     layout_rooms, serial_shops, nicolae_shop_statue_plus, moated_statue,
          grunt_gozag_statues
D:14:     layout_loops_corners, david_vaults_4, minmay_crystal_box
D:15:     grunt_enter_depths_snipers, layout_rooms, abandoned_shop
Temple:   eino_temple_scatter_basement
Lair:1:   layout_hall_layers, infiniplex_staircase_pool_2, lemuel_fruit_tree
Lair:2:   layout_regular_city, minivault_11, grunt_megastairs_1,
          serial_bayou_shore_a
Lair:3:   layout_chaotic_city, minmay_snake_entry_six_corridors,
          gauntlet_entry_generic, serial_bayou, serial_bayou_shore_b,
          serial_bayou_lagoon_a, serial_bayou_pond_e, serial_bayou_pond_d,
          serial_bayou_pond_b, minmay_holes
Lair:4:   layout_big_grid, elwin_shoals_entry_rocks
Lair:5:   layout_roguey, grunt_megastairs_2
Lair:6:   guppyfry_lair_end_dragon, layout_regular_city, wormcave,
          minmay_slime_entry_pillars, infiniplex_staircase_pool
Snake:1:  layout_onion_interference, serial_shops,
          nicolae_shop_overgrown_old_shop, serial_bayou_ford_a
Snake:2:  layout_misc_corridors, uniq_aizul
Snake:3:  layout_grid_maze, serial_bayou_shore_b, uniq_vashnia, uniq_bai_suzhen
Snake:4:  snake_pit, layout_cave_town, minmay_shoptagon
Orc:1:    layout_diamond_mine, serial_shops
Orc:2:    st_orc_rangers, layout_caves, uniq_rupert

Skill      XL: |  1  2  3  4  5  6  7  8  9 10 11 12 13 14 15 16 |
---------------+-------------------------------------------------+-----
Fighting       | 3 4 5 6 7 9 10 11 12 13 14 | 14.2
Unarmed Combat | 3 4 5 6 8 10 12 13 14 15 16 | 16.3
Throwing       | 2 5 7 8 9 10 | 10.5
Shields        | 3 5 7 8 9 10 | 10.0
Invocations    | 2 5 7 8 9 |  9.6
Armour         | 2 4 |  4.7
Dodging        | |  2.4

Action                   |  1- 3 |  4- 6 |  7- 9 | 10-12 | 13-15 | 16-18 || total
-------------------------+-------+-------+-------+-------+-------+-------++-------
Melee: Unarmed           |    85 |   215 |   291 |   618 |  1335 |   291 ||  2835
Throw: Boomerang         |       |       |       |    22 |    36 |    20 ||    78
Invok: Heroism           |       |       |       |     7 |     2 |     4 ||    13
       Finesse           |       |       |       |       |       |     3 ||     3
Evoke: Wand              |       |       |       |     3 |     2 |       ||     5
  Use: Scroll            |     2 |     5 |     7 |    23 |    10 |     2 ||    49
       Potion            |       |       |       |       |     7 |     1 ||     8
 Stab: Sleeping          |     1 |       |       |       |       |       ||     1
       Distracted        |       |       |     1 |       |       |       ||     1
       Petrified         |       |       |       |       |     2 |       ||     2
  Eat: Chunk             |    13 |    16 |    29 |    75 |    78 |    24 ||   235
       Ration            |       |       |       |       |     2 |       ||     2
Armor: Robe              |    32 |    67 |    46 |    80 |    14 |       ||   239
       Pearl dragon scal |       |       |       |       |   280 |    34 ||   314
Dodge: Dodged            |    25 |    58 |    56 |   103 |   133 |    27 ||   402
Block: Kite shield       |    34 |    78 |       |       |       |       ||   112
       Tower shield      |       |    19 |   199 |   504 |  1590 |   379 ||  2691
       Reflection        |       |       |       |       |    19 |    68 ||    87

Table legend:
 A = Non-vault XP
 B = Vault XP
 C = Vault XP percentage of total XP
 D = Non-vault monster count
 E = Vault monster count
 F = Vault count percentage of total count
                 A         B        C        D         E       F
            +---------+---------+-------+---------+---------+-------
      Total |  140331 |   65088 |  31.7 |     619 |     169 |  21.4
            +---------+---------+-------+---------+---------+-------
        D:1 |      25 |       0 |   0.0 |      14 |       0 |   0.0
        D:2 |     143 |      37 |  20.6 |      23 |       1 |   4.2
        D:3 |     195 |     236 |  54.8 |      34 |      10 |  22.7
        D:4 |     267 |       0 |   0.0 |      16 |       0 |   0.0
        D:5 |     557 |      82 |  12.8 |      14 |       2 |  12.5
        D:6 |     604 |     918 |  60.3 |      15 |       2 |  11.8
        D:7 |    1207 |     679 |  36.0 |      20 |       4 |  16.7
        D:8 |    2531 |    1106 |  30.4 |      28 |      11 |  28.2
        D:9 |    3822 |     905 |  19.1 |      32 |       1 |   3.0
       D:10 |    1704 |     871 |  33.8 |      14 |       1 |   6.7
       D:11 |    2517 |       0 |   0.0 |      23 |       0 |   0.0
       D:12 |    8337 |    2511 |  23.1 |      48 |      10 |  17.2
       D:13 |    5875 |       0 |   0.0 |      16 |       0 |   0.0
       D:14 |   11860 |    4045 |  25.4 |      31 |       6 |  16.2
       D:15 |    6325 |    2554 |  28.8 |      15 |       3 |  16.7
     Lair:1 |    4978 |       0 |   0.0 |      22 |       0 |   0.0
     Lair:2 |    4238 |     836 |  16.5 |      22 |       2 |   8.3
     Lair:3 |    3615 |    1517 |  29.6 |      13 |      10 |  43.5
     Lair:4 |    3073 |       0 |   0.0 |      10 |       0 |   0.0
     Lair:5 |    8060 |    1128 |  12.3 |      34 |       7 |  17.1
     Lair:6 |    4958 |   11934 |  70.6 |      18 |      41 |  69.5
    Snake:1 |   19639 |       0 |   0.0 |      36 |       0 |   0.0
    Snake:2 |   16474 |    1625 |   9.0 |      33 |       1 |   2.9
    Snake:3 |   15102 |   14209 |  48.5 |      30 |       6 |  16.7
    Snake:4 |   10775 |    5783 |  34.9 |      21 |       8 |  27.6
      Orc:1 |    2059 |    2971 |  59.1 |      21 |       1 |   4.5
      Orc:2 |    1391 |    7582 |  84.5 |      16 |      37 |  69.8
   Gauntlet |       0 |    3559 | 100.0 |       0 |       5 | 100.0
            +---------+---------+-------+---------+---------+-------
